 Dungeon Crawl Stone Soup version 0.25-a0-700-g7f8a7979f0 (webtiles) character file.

Game seed: 683969898019892781, levelgen mode: deterministic

144 Esekla the Skirmisher (level 5, -9/47 HPs)
             Began as a Gnoll Abyssal Knight on Apr 2, 2020.
             Was a Follower of Lugonu.
             Mangled by a gnoll
             ... wielding a +0 flail
              (10 damage)
             ... on level 2 of the Dungeon.
             The game lasted 00:11:51 (2372 turns).

Esekla the Skirmisher (Gnoll Abyssal Knight)        Turns: 2372, Time: 00:11:52

Health: -9/47      AC:  6    Str: 15    XL:     5   Next: 27%
Magic:  3/8        EV: 13    Int: 15    God:    Lugonu [*.....]
Gold:   58         SH:  0    Dex: 14    Spells: 4/6 levels left

rFire    . . .     SeeInvis .   a - +1 falchion
rCold    . . .     Gourm    .   (no shield)
rNeg     + . .     Faith    .   k - +2 robe {rN+}
rPois    .         Spirit   .   l - +0 helmet
rElec    .         Reflect  .   o - +0 cloak
rCorr    .         Harm     .   (no gloves)
MR       .....                  (no boots)
Stlth    ++........             (no amulet)
HPRegen  0.15/turn              (no ring)
MPRegen  0.11/turn              (no ring)

@: lethally poisoned (-9 -> -10)
A: distributed training, fangs 1, strong nose
a: Depart the Abyss, Renounce Religion


You were on level 2 of the Dungeon.
You worshipped Lugonu.
Lugonu was aware of your devotion.
You were not hungry.

You visited 1 branch of the dungeon, and saw 3 of its levels.
You visited the Abyss 1 time.

You collected 58 gold pieces.

Inventory:

Hand Weapons
 a - a +1 falchion (weapon)
Missiles
 d - 13 poisoned darts (quivered)
Armour
 f - a +0 chain mail
 k - a +2 robe of positive energy (worn)
 l - a +0 helmet (worn)
 o - a +0 cloak (worn)
Jewellery
 m - an uncursed amulet of regeneration
Scrolls
 b - 3 scrolls of remove curse {unknown}
 g - a scroll of magic mapping {unknown}
 h - 2 scrolls of identify {unknown}
 j - a scroll of amnesia {unknown}
 n - a scroll of teleportation {unknown}
Potions
 e - a potion of curing {unknown}
 i - a potion of invisibility {unknown}
Comestibles
 c - 5 rations


   Skills:
 + Level 6.6 Fighting
 + Level 1.4 Short Blades
 + Level 4.7 Long Blades
 + Level 1.4 Axes
 + Level 1.4 Maces & Flails
 + Level 1.4 Polearms
 + Level 1.4 Staves
 + Level 1.4 Slings
 + Level 1.4 Bows
 + Level 1.4 Crossbows
 + Level 1.4 Throwing
 + Level 4.7 Armour
 + Level 2.9 Dodging
 + Level 1.4 Stealth
 + Level 1.4 Shields
 + Level 1.4 Unarmed Combat
 + Level 1.4 Spellcasting
 + Level 1.1 Conjurations
 + Level 1.1 Hexes
 + Level 1.1 Charms
 + Level 1.1 Summonings
 + Level 1.1 Necromancy
 + Level 1.1 Translocations
 + Level 1.1 Transmutations
 + Level 1.1 Fire Magic
 + Level 1.1 Ice Magic
 + Level 1.1 Air Magic
 + Level 1.1 Earth Magic
 + Level 1.1 Poison Magic
 + Level 4.8 Invocations
 + Level 1.4 Evocations


You had 4 spell levels left.
You knew the following spells:

 Your Spells              Type           Power        Failure   Level  Hunger
a - Ensorcelled Hibernat  Hex/Ice        #.....       22%         2    ###....

Your spell library contained the following spells:

 Spells                   Type           Power        Failure   Level  Hunger
 Borgnjor's Vile Clutch   Necr/Erth      #.........   99%         5    ######.
 Silence                  Hex/Air        #.........   99%         5    ######.
 Darkness                 Hex            #.........   100%        6    #######
 Shadow Creatures         Summ           N/A          100%        6    #######


Dungeon Overview and Level Annotations

Branches:
Dungeon (3/15)

Altars:


Innate Abilities, Weirdness & Mutations

Your experience applies equally to all skills.
You have very sharp teeth.
Your uncanny sense of smell can sniff out nearby items.


Message History

The gnoll is severely wounded.
The gnoll hits you with a +0 flail.
* * * LOW HITPOINT WARNING * * *
You closely miss the gnoll. You bite the gnoll, but do no damage.
The gnoll is severely wounded.
You feel sick. The gnoll hits you with a +0 flail.
* * * LOW HITPOINT WARNING * * *
Casting: Ensorcelled Hibernation (safe; 22% risk of failure)
Confirm with . or Enter, or press ? or * to list all spells.
Aiming: Ensorcelled Hibernation (safe; 22% risk of failure)
Press: ? - help, Shift-Dir - straight line, f - gnoll
Aim: a gnoll, wielding a +0 flail (severely wounded, chance to defeat MR: 45%)
The gnoll looks drowsy...
You are starving!
You eat one of the 6 rations.
That ration really hit the spot!
The helpless gnoll fails to defend itself.
You hit the gnoll but do no damage.
The gnoll is severely wounded.
The gnoll hits you with a +0 flail!
You die...

.........#.#########
#...#.##.#.#.......#######
##.##......#.#####.......##
.....###.###.#####........#
...#.###.# #.##.......##..#
##.......#
#.##.##.....#..#####
###.#####
#.##.##...#........# ##.##
#.........###..###.### #...#
##...@.........# #.... #...#
#.#g##.#......# ##### #...#
#.#.##.######## ### #...#
#.#..#.# ####### #..
###...#######.##.#.# #.....#
#.#
...........##.##.#.###.....#
#.#
...................#.......#
#.#
...).......####..###.#.....#
#.#
###...#########..###.#.....#
#..


You could see a gnoll.

Vanquished Creatures
  Jessica (D:2)
  Robin (D:2)
  3 adders
  A gnoll (D:1)
  An ooze (D:1)
  A worm (D:2)
  3 dart slugs
  A leopard gecko (D:2)
  4 bats
  3 giant cockroaches
  14 goblins
  10 hobgoblins
  A ball python (D:3)
  2 frilled lizards (D:1)
  5 kobolds
  4 rats
55 creatures vanquished.

Notes
Turn   | Place    | Note
-------+----------+-------------------------------------------
     0 | Abyss:1  | Esekla the Gnoll Abyssal Knight began the quest for the
                  | Orb.
     0 | Abyss:1  | Reached XP level 1. HP: 23/23 MP: 3/3
    41 | Abyss:1  | Noticed a small abomination
    53 | Abyss:1  | Noticed a ynoxinul
    53 | Abyss:1  | Noticed a smoke demon
   133 | Abyss:2  | Noticed a sixfirhy
   134 | D:1      | Escaped the Abyss
   201 | D:1      | Reached XP level 2. HP: 14/29 MP: 5/5
   329 | D:1      | Reached * piety under Lugonu
   391 | D:1      | Reached XP level 3. HP: 11/35 MP: 6/6
   395 | D:1      | Learned a level 2 spell: Ensorcelled Hibernation
  1489 | D:2      | Reached skill level 1 in Short Blades
  1489 | D:2      | Reached skill level 1 in Axes
  1489 | D:2      | Reached skill level 1 in Maces & Flails
  1489 | D:2      | Reached skill level 1 in Polearms
  1489 | D:2      | Reached skill level 1 in Staves
  1489 | D:2      | Reached skill level 1 in Slings
  1489 | D:2      | Reached skill level 1 in Bows
  1489 | D:2      | Reached skill level 1 in Crossbows
  1489 | D:2      | Reached skill level 1 in Throwing
  1489 | D:2      | Reached skill level 1 in Stealth
  1489 | D:2      | Reached skill level 1 in Shields
  1489 | D:2      | Reached skill level 1 in Unarmed Combat
  1489 | D:2      | Reached skill level 1 in Spellcasting
  1489 | D:2      | Reached skill level 1 in Evocations
  1497 | D:2      | Reached XP level 4. HP: 41/41 MP: 7/7
  1544 | D:2      | Noticed Jessica
  1549 | D:2      | Killed Jessica
  1601 | D:2      | Noticed Robin
  1610 | D:2      | Reached skill level 1 in Conjurations
  1610 | D:2      | Reached skill level 1 in Hexes
  1610 | D:2      | Reached skill level 1 in Charms
  1610 | D:2      | Reached skill level 1 in Summonings
  1610 | D:2      | Reached skill level 1 in Necromancy
  1610 | D:2      | Reached skill level 1 in Translocations
  1610 | D:2      | Reached skill level 1 in Transmutations
  1610 | D:2      | Reached skill level 1 in Fire Magic
  1610 | D:2      | Reached skill level 1 in Ice Magic
  1610 | D:2      | Reached skill level 1 in Air Magic
  1610 | D:2      | Reached skill level 1 in Earth Magic
  1610 | D:2      | Reached skill level 1 in Poison Magic
  1624 | D:2      | Killed Robin
  1643 | D:2      | Reached XP level 5. HP: 31/47 MP: 8/8
  2369 | D:2      | HP: 1/47 [gnoll/+0 flail (3)]
  2372 | D:2      | Mangled by a gnoll

Levels and vault maps discovered:
D:1:      dpeg_arrival_morbid_curiosity, layout_basic
D:2:      layout_loops_cross, first_ration, minmay_hexomino_u4, uniq_jessica,
          uniq_robin
D:3:      layout_basic, lemuel_crystal_altar, biasface_ghost_orc_armoury

Skill      XL: |  1  2  3  4 |
---------------+-------------+-----
Short Blades   | 1 |  1.4
Axes           | 1 |  1.4
Maces & Flails | 1 |  1.4
Polearms       | 1 |  1.4
Staves         | 1 |  1.4
Slings         | 1 |  1.4
Bows           | 1 |  1.4
Crossbows      | 1 |  1.4
Throwing       | 1 |  1.4
Stealth        | 1 |  1.4
Shields        | 1 |  1.4
Unarmed Combat | 1 |  1.4
Spellcasting   | 1 |  1.4
Evocations     | 1 |  1.4
Conjurations   | 1 |  1.1
Hexes          | 1 |  1.1
Charms         | 1 |  1.1
Summonings     | 1 |  1.1
Necromancy     | 1 |  1.1
Translocations | 1 |  1.1
Transmutations | 1 |  1.1
Fire Magic     | 1 |  1.1
Ice Magic      | 1 |  1.1
Air Magic      | 1 |  1.1
Earth Magic    | 1 |  1.1
Poison Magic   | 1 |  1.1
Fighting       | |  6.6
Long Blades    | |  4.7
Armour         | |  4.7
Dodging        | |  2.9
Invocations    | |  4.8

Action                   |  1- 3 |  4- 6 || total
-------------------------+-------+-------++-------
Melee: Falchion          |    82 |    92 ||   174
       Bite              |    11 |    13 ||    24
       Punch             |       |     1 ||     1
Throw: Dart              |     1 |     5 ||     6
 Cast: Ensorcelled Hiber |       |     3 ||     3
Invok: Depart the Abyss  |     1 |       ||     1
 Stab: Sleeping          |     2 |     1 ||     3
  Eat: Chunk             |     1 |     2 ||     3
       Ration            |       |     1 ||     1
Armor: Leather armour    |    21 |       ||    21
       Robe              |       |    17 ||    17
Dodge: Dodged            |    48 |    47 ||    95
       Rpst.: Falchion   |    12 |    13 ||    25

Table legend:
 A = Non-vault XP
 B = Vault XP
 C = Vault XP percentage of total XP
 D = Non-vault monster count
 E = Vault monster count
 F = Vault count percentage of total count
                 A         B        C        D         E       F
            +---------+---------+-------+---------+---------+-------
      Total |     118 |      89 |  43.0 |      34 |      21 |  38.2
            +---------+---------+-------+---------+---------+-------
        D:1 |      49 |       9 |  15.5 |      19 |       5 |  20.8
        D:2 |      51 |      80 |  61.1 |      12 |      16 |  57.1
        D:3 |      18 |       0 |   0.0 |       3 |       0 |   0.0
            +---------+---------+-------+---------+---------+-------
